 Dungeon Crawl Stone Soup version 0.28.0-45-g0d030f2227 (webtiles) character file.

Game seed: 13614784820409858474

19 McKennaii the Skirmisher (level 2, 0/24 HPs)
             Began as a Demonspawn Fighter on Apr 7, 2022.
             Slain by a gnoll
             ... wielding a +0 flail
              (4 damage)
             ... on level 2 of the Dungeon.
             The game lasted 00:01:18 (1196 turns).

McKennaii the Skirmisher (Demonspawn Fighter)       Turns: 1196, Time: 00:01:18

Health: 0/24       AC:  8    Str: 16    XL:     2   Next: 55%
Magic:  2/2        EV:  8    Int:  9    God:
Gold:   30         SH:  4    Dex: 12    Spells: 1/1 levels left

rFire   . . .      SeeInvis .   a - +0 trident
rCold   . . .      Faith    .   c - +0 buckler
rNeg    . . .      Spirit   .   b - +0 scale mail
rPois   .          Reflect  .   (no helmet)
rElec   .          Harm     .   (no cloak)
rCorr   .          Rampage  .   (no gloves)
Will    .....                   (no boots)
Stlth   ..........              (no amulet)
HPRegen 0.08/turn               (no ring)
MPRegen 0.08/turn               (no ring)

@: no status effects
A: thin metallic scales 1
a: no special abilities


You were on level 2 of the Dungeon.
You visited 1 branch of the dungeon, and saw 2 of its levels.

You collected 30 gold pieces.

Inventory:

Hand Weapons
 a - a +0 trident (weapon)
Armour
 b - a +0 scale mail (worn)
 c - a +0 buckler (worn)
Scrolls
 f - a scroll of identify {unknown}
Potions
 d - a potion of might
 e - a potion of haste {unknown}
 g - a potion of degeneration {unknown}
 h - 2 potions of curing {unknown}
 i - a potion of heal wounds {unknown}
 j - a potion of ambrosia {unknown}


   Skills:
 + Level 3.2 Fighting
 + Level 2.1 Polearms
 + Level 2.9 Armour
 + Level 2.9 Shields


You had one spell level left.
You didn't know any spells.
Your spell library contained the following spells:

 Spells                   Type           Power      Damage    Failure   Level
 Sandblast                Erth           0%         2d4       88%         1
 Passwall                 Tmut/Erth      0%         N/A       96%         2
 Stone Arrow              Conj/Erth      0%         3d7       99%         3


Dungeon Overview and Level Annotations

Branches:
Dungeon (2/15)

Altars:

Shops:
D:2 (


Innate Abilities, Weirdness & Mutations

You are partially covered in thin metallic scales. (AC +2)


Message History

The gnoll barely misses you. You block the gnoll's attack.
You reach to attack!
You hit the gnoll.
The gnoll is almost dead.
You reach to attack!
You closely miss the gnoll.
The gnoll shouts!
You reach to attack!
You closely miss the gnoll. The gnoll hits you with a +0 flail.
The gnoll shouts!
You hit the gnoll but do no damage. The gnoll barely misses you.
You block the gnoll's attack.
You hit the gnoll.
The gnoll is lightly wounded.
The gnoll barely misses you. You block the gnoll's attack.
You hit the gnoll.
The gnoll is heavily wounded.
The gnoll barely misses you. The gnoll completely misses you.
You hit the gnoll.
The gnoll is heavily wounded.
The gnoll barely misses you. The gnoll completely misses you.
The gnoll closely misses you.
The gnoll hits you from afar with a +0 spear.
You closely miss the gnoll.
The gnoll is heavily wounded.
The gnoll barely misses you. The gnoll closely misses you.
You hit the gnoll but do no damage.
The gnoll is heavily wounded.
The gnoll completely misses you. You block the gnoll's attack.
You hit the gnoll but do no damage.
The gnoll is heavily wounded.
You block the gnoll's attack.
The gnoll hits you from afar with a +0 spear.
You barely miss the gnoll.
The gnoll is heavily wounded.
The gnoll hits you with a +0 flail. The gnoll hits you but does no damage.
The gnoll hits you with a +0 flail.
* * * LOW HITPOINT WARNING * * *
The gnoll hits you from afar with a +0 spear.
* * * LOW HITPOINT WARNING * * *
The gnoll hits you with a +0 flail.
You die...

..## #..### .... #..##
# #...# ##### ##...#
....######....#
###..##.......#####
##............@g######
##.......#####...g..###
#.......# ######g..#
#.......# ###.#
##.....## #.# #.......
#.## .......## #g.##
........ ##.^# ......#
..#####g######


You could see 3 gnolls.

Vanquished Creatures
  A bat (D:1)
  2 endoplasms (D:1)
  2 giant cockroaches (D:1)
  3 hobgoblins (D:1)
  A quokka (D:1)
  A ball python (D:1)
  2 frilled lizards (D:1)
  2 goblins (D:1)
  2 kobolds (D:1)
  3 rats (D:1)
19 creatures vanquished.

Vanquished Creatures (others)
  15 plants (D:2)
15 creatures vanquished.

Grand Total: 34 creatures vanquished

Notes
Turn   | Place    | Note
-------+----------+-------------------------------------------
     0 | D:1      | McKennaii the Demonspawn Fighter began the quest for the
                  | Orb.
     0 | D:1      | Reached XP level 1. HP: 18/18 MP: 1/1
   201 | D:1      | Gained mutation: You are partially covered in thin metallic
                  | scales. (AC +2) [demonic ancestry]
   201 | D:1      | Reached XP level 2. HP: 24/24 MP: 2/2
  1065 | D:2      | Found Ahuisaf's Antique Weapon Shoppe.
  1168 | D:2      | HP: 1/24 [gnoll/+0 spear (3)]
  1196 | D:2      | Slain by a gnoll

Illustrated notes

Levels and vault maps discovered:
D:1:      dpeg_arrival_tiny_f, layout_basic, minmay_tromino_v2
D:2:      layout_rooms, serial_shops, nicolae_shop_competitors_out_of_business,
          nicolae_grassy_gnolls

Skill      XL: |  1 |
---------------+----+-----
Polearms       | 2 |  2.1
Fighting       | |  3.2
Armour         | |  2.9
Shields        | |  2.9

Action                   || total
-------------------------++-------
Melee: Trident           ||    68
Armor: Scale mail        ||    12
Dodge: Dodged            ||    30
Block: Buckler           ||    14
